Unix NetHack Version 5.0.0-0 post-release - last build May 17 2026 04:57:42 (dc50c8380fa5e20985bfe3072449f57b8d9895ef,branch:main).

Game began 2026-05-19 08:47:35, ended 2026-05-19 08:57:50.

1212459919, chaotic female elven Ranger

   -------
   |......
   |.......      ------------
   |........#    |..........|                           +
   |....>.. ###  |........<..               ............|
   |.....?..# ###.%.........|                           |
   |..(..`. #    -------.----
   -------- #
         #  #
          ####
          #-|-----------
           |....>......|
           |....$......|        ----
            ...........|        |@@|
           -------------        |.$|
                                ----

1212459919 the Lookout       St:16 Dx:11 Co:13 In:13 Wi:14 Ch:11  Chaotic
Dlvl:3  $:0  HP:0(21) Pw:18(18) AC:5  Xp:3 T:954 

Latest messages:
 Mike's ghost touches you!
 You hear someone counting gold coins.
 You see here a gecko corpse.
 You see here a cream pie.
 You find a trap door.
 You hear the footsteps of a guard on patrol.
 You see here a chain mail.
 You see here a chain mail.
 You hear the footsteps of a guard on patrol.
 You descend the stairs.
 You miss the lichen.
 You kill the lichen!
 You see here a lichen corpse.
 The door opens.
 You find a hidden passage.
 You materialize in a different location!
 You see here 267 gold pieces.
 You see here 245 gold pieces.
 $ - 245 gold pieces (266 in total).
 You see here 429 gold pieces.
 $ - 429 gold pieces (695 in total).
 You see here 273 gold pieces.
 $ - 273 gold pieces (968 in total).
 You see here 267 gold pieces.
 $ - 267 gold pieces (1235 in total).
 You hear a gurgling noise.
 Suddenly one of the Vault's guards enters!
 "Hello stranger, who are you?" - 
 "Hello stranger, who are you?" - rogue
 "I don't know you."
 "Most likely all your gold was stolen from this vault."
 "Please drop that gold and follow me."
 "I repeat, drop that gold and follow me!"
 "You've been warned, knave!"
 The guard hurls a sky blue potion!
 The flask crashes on your head and breaks into shards.
 The sky blue potion evaporates.
 This burns a lot!
 Call a sky blue potion: d
 What do you want to drop? [$a-ikl or ?*] $
 You drop 1235 gold pieces.
 The guard wields a spear!
 The guard thrusts her spear.
 The guard hits!
 You die...
 Do you want your possessions identified? [ynq] (y) y
 Do you want to see your attributes? [ynq] (y) y
 Do you want an account of creatures vanquished? [ynaq] (y) y
 Do you want to see your conduct and achievements? [ynq] (y) y
 Do you want to see the dungeon overview? [ynq] (y) y

Inventory:
 Weapons  (')')
  d - 33 blessed +0 elven arrows
  c - 55 +2 elven arrows (in quiver)
  b - a +1 elven bow (alternate weapon; not wielded)
  a - a +1 elven dagger (weapon in right hand)
  k - a +0 elven dagger
 Armor    ('[')
  e - an uncursed +2 elven cloak
  g - an uncursed +0 chain mail (being worn)
 Comestibles  ('%')
  f - 4 uncursed lembas wafers
 Potions  ('!')
  l - an uncursed potion of healing
 Rings    ('=')
  i - an uncursed ring of polymorph control
 Wands    ('/')
  h - a wand of slow monster (0:8)

1212459919 the Ranger's attributes:

Background:
 You were a Lookout, a level 3 female elven Ranger.
 You were chaotic, on a mission for Mars
 who was opposed by Mercury (lawful) and Venus (neutral).
 You were right-handed.
 You were in the Dungeons of Doom, on level 3.
 You entered the dungeon 954 turns ago.
 There was a new moon in effect when your adventure ended.
 You had 53 experience points, 27 more were needed to attain level 4.

Basics:
 You had 0 out of 21 hit points.
 You had all 18 energy points (spell power).
 Your armor class was 5.
 Your wallet was empty.
 Autopickup was off.

Final Characteristics:
 Your strength was 16 (limit:18).
 Your dexterity was 11 (limit:18).
 Your constitution was 13 (limit:16).
 Your intelligence was 13 (limit:20).
 Your wisdom was 14 (limit:20).
 Your charisma was 11 (limit:18).

Final Status:
 You weren't hungry.
 You were unencumbered.
 You were wielding a dagger.
 You had basic skill with dagger.

Final Attributes:
 You were devoutly aligned.
 You had automatic searching.
 You had infravision.
 You were warded.
 You are dead.

Miscellaneous:
 You didn't encounter any bones levels.
 Total elapsed playing time was 10 minutes and 14 seconds.

Major events:
 Turn
    1: 1212459919 the chaotic female elven Ranger entered the dungeon
  712: attained the rank of Lookout (level 3)
  954: killed by a guard

You didn't know any spells.

Skills:
 Fighting Skills
   bare handed combat [Unskilled]
   riding             [Unskilled]
 Weapon Skills
   dagger             [Basic]
   knife              [Unskilled]
   axe                [Unskilled]
   pick-axe           [Unskilled]
   short sword        [Unskilled]
   morning star       [Unskilled]
   flail              [Unskilled]
   hammer             [Unskilled]
   quarterstaff       [Unskilled]
   polearms           [Unskilled]
   spear              [Unskilled]
   trident            [Unskilled]
   bow                [Basic]
   sling              [Unskilled]
   crossbow           [Unskilled]
   dart               [Unskilled]
   shuriken           [Unskilled]
   boomerang          [Unskilled]
   whip               [Unskilled]
 Spellcasting Skills
   healing spells     [Unskilled]
   divination spells  [Unskilled]
   escape spells      [Unskilled]

Voluntary challenges:
 Character rerolling was not enabled.
 You followed a strict vegan diet.
 You were an atheist.
 You were illiterate.
 You never genocided any monsters.
 You never polymorphed an object.
 You never changed form.
 You used no wishes.
Achievement:
 You attained the rank of Lookout.

 The Dungeons of Doom: levels 1 to 3
    Level 1:
       A fountain, a sink.
    Level 2:
    Level 3: <- You were here.
       Final resting place for
          you, killed by a guard.


Vanquished creatures:
  a hobbit
  a large kobold
  a gecko
  3 jackals
  2 foxes
  a kobold
  a goblin
  2 grid bugs
  3 lichens
  a newt
16 creatures vanquished.

No species were genocided or became extinct.

Game over:
                       ----------
                      /          \
                     /    REST    \
                    /      IN      \
                   /     PEACE      \
                  /                  \
                  |    1212459919    |
                  |       0 Au       |
                  |   killed by a    |
                  |      guard       |
                  |                  |
                  |                  |
                  |       2026       |
                 *|     *  *  *      | *
        _________)/\\_//(\/(/\)/\//\/|_)_______

Goodbye 1212459919 the Ranger...

You died in The Dungeons of Doom on dungeon level 3 with 312 points,
and 0 pieces of gold, after 954 moves.
You were level 3 with a maximum of 21 hit points when you died.

